 Dungeon Crawl Stone Soup version 0.31.0-32-g396128a36d (webtiles) character file.

Game seed: 5863587911719110624

842 alexthepot22 the Chopper (level 8, -2/68 HPs)
             Began as a Hill Orc Fighter on Apr 10, 2024.
             Succumbed to a gnoll sergeant's poison
             ... on level 7 of the Dungeon.
             The game lasted 00:23:17 (1833 turns).

alexthepot22 the Chopper (Hill Orc Fighter)         Turns: 1833, Time: 00:23:18

Health: -2/68      AC: 12    Str: 21    XL:     8   Next: 0%
Magic:  8/8        EV: 10    Int:  8    God:
Gold:   264        SH:  0    Dex: 10    Spells: 7/7 levels left

rFire   + . .        A - +0 battleaxe
rCold   x . .        (shield currently unavailable)
rNeg    . . .        b - +1 scale mail
rPois   .            (no helmet)
rElec   .            (no cloak)
rCorr   .            (no gloves)
SInv    .            (no boots)
Will    .....        (no amulet) Stlth
                     g - +4 ring of protection
HPRegen 0.31/turn    n - ring of fire
MPRegen 0.11/turn

%: no passive effects
@: mighty, lethally poisoned (-2 -> -29)
A: no striking features
a: no special abilities


You were on level 7 of the Dungeon.
You visited 1 branch of the dungeon, and saw 7 of its levels.

You collected 264 gold pieces.

Inventory:

Hand Weapons
 a - a +0 war axe
 h - a +0 club
 j - a +0 dagger
 k - a +0 whip
 A - a +0 battleaxe (weapon)
Missiles
 f - 4 poisoned darts (quivered)
Armour
 b - a +1 scale mail (worn)
 c - a +0 buckler
 o - a +0 robe
 r - a +0 ring mail
 y - a +0 chain mail
Magical Staves
 F - a staff of conjuration
Jewellery
 g - a +4 ring of protection (left hand)
 n - a ring of fire (right hand)
 t - a +6 ring of intelligence
 D - a +4 ring of protection
Wands
 v - a wand of mindburst (14)
 x - a wand of flame (35)
 C - a wand of polymorph (1)
Scrolls
 e - 5 scrolls of teleportation
 i - 3 scrolls of identify {unknown}
 l - a scroll of amnesia {unknown}
 u - a scroll of summoning {unknown}
 z - a scroll of poison {unknown}
 B - a scroll of blinking {unknown}
Potions
 m - 2 potions of curing {unknown}
 p - a potion of invisibility {unknown}
 q - a potion of cancellation {unknown}
 s - a potion of resistance {unknown}
 w - a potion of lignification {unknown}
 E - a potion of heal wounds {unknown}


   Skills:
 + Level 5.2 Fighting
 + Level 7.5 Axes
 + Level 5.3 Armour
 + Level 1.8 Dodging
 + Level 3.9 Shields
 * Level 2.9 Evocations


You had 7 spell levels left.
You didn't know any spells.
Your spell library contained the following spells:

 Spells                   Type           Power      Damage    Failure   Level
 Foxfire                  Conj/Fire      0%         2x1d4     73%         1
 Ensorcelled Hibernation  Hex/Ice        0%         N/A       86%         2
 Fugue of the Fallen      Necr           0%         N/A       97%         3
 Stone Arrow              Conj/Erth      0%         3d7       97%         3
 Anguish                  Hex/Necr       0%         N/A       100%        4
 Animate Armour           Summ/Erth      0%         N/A       100%        4
 Plasma Beam              Fire/Air       0%         2x1d10    100%        6
 Starburst                Conj/Fire      0%         6d3       100%        6
 Lehudib's Crystal Spear  Conj/Erth      0%         10d2      100%        8


Dungeon Overview and Level Annotations

Branches:
Dungeon (7/15)
 Temple: D:4-7

Altars:
Okawaru

Shops:
D:1 :

Portals:
Ossuary: D:6


Message History

Aim: a gnoll, wielding a +0 club (75% to hit)
The puff of flame hits the gnoll!
The gnoll is heavily wounded.
Aiming: Throw Flame
Press: ? - help, Q - select action, (/) - cycle Shift-Dir - straight line, f - gnoll, p - gnoll
Aim: a gnoll, wielding a +0 flail (75% to hit)
The puff of flame hits the gnoll!
You kill the gnoll!
You slice the gnoll!!
You kill the gnoll!
A centaur comes into view.
The gnoll sergeant hits you with a +2 spear of venom.
You are poisoned.
You have reached level 8!
The gnoll sergeant blocks your attack.
You feel very sick. The gnoll sergeant barely misses you.
The gnoll sergeant blocks your attack.
You hit the gnoll.
You feel sick. The gnoll barely misses you.
The gnoll sergeant hits you but does no damage.
You are more poisoned.
You slash the gnoll sergeant!
The gnoll sergeant is heavily wounded.
You closely miss the gnoll.
You feel very sick.
The gnoll sergeant hits you but does no damage.
You are more poisoned.
The gnoll hits you but does no damage.
The gnoll sergeant hits you with a +2 spear of venom.
* * * LOW HITPOINT WARNING * * *
You are more poisoned.
The gnoll hits you with a +0 club.
* * * LOW HITPOINT WARNING * * *
You feel very mighty all of a sudden.
* * * LOW HITPOINT WARNING * * *
You feel extremely sick. The gnoll hits you but does no damage.
The gnoll misses you. The gnoll sergeant barely misses you.
Okay, then.
You die...

## ... .#.####
#>####### .......
#.......# .......
#####.).# .......
####.))#
......g####....)<#
......g.@...##...#
#.....g###########
....... .......
#..>... #......
#...... #......


You could see a gnoll sergeant and 2 gnolls.

Vanquished Creatures
  A water moccasin (D:5)
  An ice beast (D:6)
  A phantom (D:5)
  Blork the orc (D:5)
  A bullfrog (D:6)
  A kobold brigand (D:6)
  A scorpion (D:4)
  A howler monkey (D:5)
  A bombardier beetle (D:5)
  2 hounds (D:5)
  An orc priest (D:7)
  2 iguanas (D:5)
  An orc wizard (D:7)
  3 gnolls
  3 adders
  A white imp (D:5)
  3 dart slugs
  3 orcs
  An endoplasm (D:4)
  2 giant cockroaches
  A goblin (D:1)
  3 hobgoblins
  4 jackals
  9 kobolds
  2 quokkas
  4 ball pythons
  2 bats (D:2)
  3 frilled lizards
  A rat (D:1)
60 creatures vanquished.

Notes
Turn   | Place    | Note
-------+----------+-------------------------------------------
     0 | D:1      | alexthepot22 the Hill Orc Fighter began the quest for the
                  | Orb.
     0 | D:1      | Reached XP level 1. HP: 19/19 MP: 1/1
   215 | D:1      | Found a faded altar of an unknown god.
   257 | D:1      | Reached XP level 2. HP: 27/27 MP: 2/2
   297 | D:1      | Reached skill level 3 in Axes
   320 | D:1      | Reached XP level 3. HP: 18/33 MP: 3/3
   339 | D:1      | Found Adghifimn's Book Boutique.
   339 | D:1      | Noticed a walking crystal tome
   340 | D:1      | Noticed a walking frostbound tome
  1126 | D:4      | Noticed a scorpion
  1144 | D:4      | Killed a scorpion
  1145 | D:4      | Reached skill level 4 in Axes
  1145 | D:4      | Reached XP level 4. HP: 16/40 MP: 4/4
  1192 | D:4      | Reached XP level 5. HP: 30/46 MP: 5/5
  1203 | D:5      | Entered Level 5 of the Dungeon
  1315 | D:5      | Reached skill level 5 in Axes
  1315 | D:5      | Reached skill level 1 in Dodging
  1315 | D:5      | Reached skill level 1 in Evocations
  1337 | D:5      | Reached XP level 6. HP: 38/53 MP: 6/6
  1388 | D:5      | Found an iron altar of Okawaru.
  1409 | D:5      | Noticed Blork the orc
  1412 | D:5      | Killed Blork the orc
  1413 | D:5      | Reached skill level 6 in Axes
  1437 | D:5      | Noticed a water moccasin
  1446 | D:5      | Reached XP level 7. HP: 34/60 MP: 7/7
  1448 | D:5      | Reached skill level 5 in Armour
  1557 | D:6      | Found a sand-covered staircase.
  1704 | D:6      | Reached skill level 5 in Fighting
  1704 | D:6      | Reached skill level 7 in Axes
  1829 | D:7      | Reached XP level 8. HP: 30/68 MP: 8/8
  1833 | D:7      | Succumbed to a gnoll sergeant's poison

Illustrated notes

Levels and vault maps discovered:
D:1:      roderic_chinese_lattice_arrival, layout_rooms, serial_shops,
          nicolae_shop_mannequins, hellmonk_ecumenical_altar_lost_god
D:2:      layout_loops_corners
D:3:      layout_rooms, serial_bayou, serial_bayou_lake_a, serial_bayou_pond_c,
          serial_bayou_pond_e, serial_bayou_ford_a,
          minmay_misc_feat_four_crosses, uniq_crazy_yiuf_cottage
D:4:      layout_rooms, nemelex_xobeh_ov_fountains_minmay, lemuel_crystal_altar,
          serial_shops, nicolae_shop_just_a_little_nook,
          kennysheep_generic_room_2
D:5:      layout_layer_cave, okawaru_trees_1, temple_green, uniq_blork_the_orc,
          uniq_ijyb
D:6:      layout_layer_cave, marbit_many_paths, enter_ossuary_5, uniq_pikel
D:7:      layout_rooms, nicolae_ru_sacrificial_ziggurat, enter_bailey_2,
          serial_shops, shop

Skill      XL: |  1  2  3  4  5  6  7 |
---------------+----------------------+-----
Axes           | 3 4 5 6 7 |  7.5
Fighting       | 4 5 |  5.2
Armour         | 4 5 |  5.3
Dodging        | 1 |  1.8
Evocations     | 1 2 |  2.9
Shields        | |  3.9

Action                     |  1- 3 |  4- 6 |  7- 9 || total
---------------------------+-------+-------+-------++-------
  Melee: War axe           |    91 |    54 |       ||   145
         Battleaxe         |       |     6 |    65 ||    71
         Punch             |       |     1 |       ||     1
  Evoke: Wand              |       |     4 |     7 ||    11
    Use: Scroll            |     3 |       |       ||     3
         Potion            |       |     1 |     1 ||     2
 Armour: Scale mail        |    85 |    56 |   102 ||   243
  Dodge: Dodged            |    58 |    35 |    48 ||   141
  Block: Buckler           |     4 |       |       ||     4
